[Event "*** Titled Tuesday Blitz"]
[Site "Chess.com"]
[Date "2020.04.28"]
[Round "3"]
[White "Casablanca"]
[Black "putra48"]
[Result "0-1"]
[WhiteElo "2399"]
[BlackElo "2607"]
[TimeControl "180+1"]
[EndTime "10:31:06 PDT"]
[Termination "putra48 won by checkmate"]

1. d4 d5 2. c4 e6 3. Nc3 Nf6 4. cxd5 exd5 5. Bg5 Be7 6. Qc2 c6 7. e3 Nbd7 8. Bd3 O-O 9. Nge2 Re8 10. O-O Nf8 11. Rab1 g6 12. Rfc1 Ne6 13. Bh4 Nh5 14. Bxe7 Qxe7 15. Ng3 Nxg3 16. hxg3 h5 17. b4 h4 18. gxh4 Qxh4 19. g3 Qh5 20. Qe2 Qh3 21. Qf1 Qh6 22. b5 Ng5 23. Qg2 Bg4 24. Be2 Bf5 25.
Rb2 Nh3+ 26. Kf1 Nf4 27. Qf3 Bg4 28. gxf4 Bxf3 29. Bxf3 Kg7 30. bxc6 bxc6 31. Rb7 Rab8 32. Rcb1 Rxb7 33. Rxb7 Qh3+ 34. Ke2 Qf5 35. Kd2 g5 36.
Bh5 Rf8 37. fxg5 Qxf2+ 38. Be2 Re8 39. Nd1 Qf5 40. Rxa7 Qxg5 41. a4 Re7 42. Ra6 Re6 43. Ra7 c5 44. dxc5 d4 45. Rd7 dxe3+ 46. Kc2 Qxc5+ 47. Nc3 Rc6 48. Rd3 f5 49. Bf3 Rc7 50. a5 f4 51. a6 Qa3 52. Bb7 e2 53. Kd2 e1=Q+ 54. Kxe1 Rxc3 55. Rxc3 Qxc3+ 56. Kf2 Qe3+ 57. Kf1 Kf6 58. Kg2 Kg5 59. Bf3 Qb6 60. Bb7 Qb2+ 61.
Kf3 Qc3+ 62. Kf2 Qd2+ 63. Kf3 Qe3+ 64. Kg2 Kg4 65. Bc8+ Kh4 66. Bb7 Qe2+ 67. Kg1 Kg3 68. a7 Qe1# 0-1

[Event "*** Titled Tuesday Blitz"]
[Site "Chess.com"]
[Date "2020.04.28"]
[Round "3"]
[White "Shield12"]
[Black "MateSchmate"]
[Result "1-0"]
[WhiteElo "2847"]
[BlackElo "2461"]
[TimeControl "180+1"]
[EndTime "10:31:07 PDT"]
[Termination "Shield12 won by checkmate"]

1. e4 e6 2. d4 d5 3. Nd2 a6 4. Bd3 Nf6 5. e5 Nfd7 6. Ne2 c5 7. c3 Nc6 8. O-O f5 9. exf6 Nxf6 10. Nf3 Bd6 11. Bf4 O-O 12. Re1 Qc7 13. Bxd6 Qxd6 14. Ng3 cxd4 15. cxd4 Bd7 16. Rc1 Be8 17. Qd2 Nh5 18.
Nxh5 Bxh5 19. Ne5 Bf7 20. Nxc6 bxc6 21. Rc5 Bg6 22. Bxg6 hxg6 23. Qc2 Qf4 24. Rxc6 Qxd4 25. Rexe6 Rab8 26. b3 Qa1+ 27. Qc1 Qxa2 28. Rc2 Qxb3 29. Rxa6 d4 30. Rd2 Rbc8 31. Qf1 Qc3 32. Rd3 Qc4 33. Ra1 Rcd8 34. Rad1 Rf4 35. g3 Re4 36. R3d2 Qe6 37.
Qd3 g5 38. h3 g4 39. hxg4 Qxg4 40. Kg2 Qe6 41. Qb5 Qd5 42. Qxd5+ Rxd5 43. f3 Re8 44. Rxd4 Rxd4 45. Rxd4 Kf7 46. Kh3 Rh8+ 47. Kg4 Rh6 48. Rd7+ Kg8 49. Kg5 Ra6 50. f4 Ra5+ 51. f5 Ra6 52. g4 Rb6 53. Re7 Kf8 54. Re6 Rb4 55.
Kh5 Kf7 56. Rc6 Rb7 57. g5 Rb5 58. Rc7+ Kf8 59. Kg6 Rb6+ 60. f6 gxf6 61. gxf6 Ke8 62. Kg7 Kd8 63. Re7 Rb1 64. Re2 Rg1+ 65. Kf8 Rg6 66. f7 Rg3 67. Rd2+ Kc7 68. Rd5 Kc6 69. Rf5 Kd7 70. Rd5+ Kc6 71. Rd4 Kc7 72. Ke7 Re3+ 73.
Kf6 Rf3+ 74. Ke6 Rf1 75. Rd5 Kc6 76. Rf5 Re1+ 77. Kf6 Rb1 78. f8=Q Rb6 79. Kg5 Kb7 80. Rf7+ Ka6 81. Rf6 Ka5 82. Qc5+ Ka4 83. Qxb6 Ka3 84. Rf8 Ka2 85. Ra8# 1-0

[Event "*** Titled Tuesday Blitz"]
[Site "Chess.com"]
[Date "2020.04.28"]
[Round "3"]
[White "Uzbektiger1963"]
[Black "pma83"]
[Result "1-0"]
[WhiteElo "2507"]
[BlackElo "2228"]
[TimeControl "180+1"]
[EndTime "10:31:09 PDT"]
[Termination "Uzbektiger1963 won by resignation"]

1. c4 Nf6 2. Nc3 c5 3. g3 g6 4. Bg2 Bg7 5. e3 O-O 6. Nge2 e6 7. d4 cxd4 8. exd4 d5 9. b3 Nc6 10. O-O b6 11. Bg5 Ne7 12. Rc1 Bb7 13. Qd2 Rc8 14.
Bf4 Qd7 15. Nb5 Nf5 16. Nxa7 Ra8 17. Nb5 dxc4 18. Bxb7 Qxb7 19. bxc4 Ne4 20. Qc2 Rfd8 21. f3 Ned6 22. Nxd6 Nxd6 23. c5 bxc5 24. dxc5 Nf5 25. c6 Qb6+ 26. Kh1 e5 27. Rb1 Qc7 28. Rb7 Qc8 29. Bg5 f6 30. Qb3+ Kh8 31. c7 Re8 32. Bd2 Qd7 33. Rd1 Rec8 34. Bh6 Nd4 35. Bxg7+ Kxg7 36. Nxd4 exd4 37. Qc4 Ra3 38. Rxd4 Qe7 39.
Re4 Qd7 40. Kg2 Rd3 41. Re2 Rd1 42. Qe6 Qd4 43. Qe7+ Kh6 44. Qe3+ Qxe3 45. Rxe3 Rc1 46. Re7 Rc2+ 47. Kh3 Rxa2 48. Rb8 Ra8 49. Rxa8 Rxa8 50. Kg4 Ra4+ 51. f4 Rc4 52. Kf3 Rc3+ 53. Ke4 Rc4+ 54. Kd5 Rc2 55. Kd6 Rd2+ 56. Ke6 Rc2 57. Kxf6 Kh5 58. Rxh7+ Kg4 59. Kxg6 Rc6+ 60. Kg7 Kf5 61. Rh5+ Kg4 62. Rg5+ Kf3 63. f5 Rxc7+ 64. Kg6 Ke4 65.
f6 Rc6 66. Kg7 Rc7+ 67. f7 Kd4 68. Kg8 Rxf7 69. Kxf7 Ke4 70. h4 1-0

[Event "*** Titled Tuesday Blitz"]
[Site "Chess.com"]
[Date "2020.04.28"]
[Round "3"]
[White "kingmonkey2006"]
[Black "crescentmoon2411"]
[Result "0-1"]
[WhiteElo "2598"]
[BlackElo "2783"]
[TimeControl "180+1"]
[EndTime "10:31:10 PDT"]
[Termination "crescentmoon2411 won by checkmate"]

1. e4 c5 2. Nf3 d6 3. d4 cxd4 4. Nxd4 Nf6 5. Nc3 a6 6. Be2 e5 7. Nf3 Be7 8. Bg5 Be6 9. Bxf6 Bxf6 10. Nd5 Nd7 11. O-O O-O 12. Bc4 Rc8 13. Bb3 Nc5 14. Nxf6+ Qxf6 15. Qxd6 Bxb3 16. Qxf6 gxf6 17. axb3 Nxe4 18.
c3 Rfd8 19. Rfd1 Kf8 20. Kf1 Ke7 21. Ke2 Nc5 22. b4 Ne6 23. g3 Rxd1 24. Rxd1 Rd8 25. Rxd8 Nxd8 26. Nd2 Ke6 27. Nc4 f5 28. f4 f6 29. Na5 Kd5 30. Nb3 exf4 31. gxf4 Ke4 32.
Nc5+ Kxf4 33. Nd7 Kg5 34. Kf3 h5 35. Nc5 h4 36. h3 f4 37. Ne4+ Kf5 38. Nd6+ Ke5 39.
Nc4+ Kf5 40. Nd6+ Ke5 41. Nc4+ Kd5 42. Nb6+ Kc6 43. Nc8 Ne6 44. Ne7+ Kd6 45. Nf5+ Ke5 46. Nxh4 Ng5+ 47. Kg4 Ke4 48. Nf5 Nf7 49. Nd4 Ne5+ 50.
Kh4 f3 51. Kg3 f5 52. h4 f4+ 53. Kf2 Ng4+ 54. Kf1 f2 55. Ke2 f3+ 56. Nxf3 f1=Q+ 57. Kxf1 Kxf3 58. Ke1 Ke3 59. Kd1 Kd3 60. Kc1 Ke4 61. Kc2 Ne3+ 62. Kb3 b5 63. Ka3 Nc4+ 64. Kb3 Kf5 65.
Kc2 Kg4 66. b3 Ne5 67. c4 Kxh4 68. cxb5 axb5 69. Kc3 Nc6 70. Kd3 Kg5 71. Ke4 Nxb4 72. Kd4 Na2 73. Kc5 b4 74. Kc4 Kf4 75. Kd3 Ke5 76.
Kc2 Kd4 77. Kb2 Nc3 78. Kc2 Ke3 79. Kc1 Kd3 80. Kb2 Kd2 81. Ka1 Nb5 82. Kb2 Nd4 83. Ka2 Kc2 84. Ka1 Nxb3+ 85. Ka2 Nc5 86. Ka1 Nd3 87.
Ka2 b3+ 88. Ka3 b2 89. Ka4 b1=Q 90. Ka3 Qb3# 0-1

[Event "*** Titled Tuesday Blitz"]
[Site "Chess.com"]
[Date "2020.04.28"]
[Round "3"]
[White "MergenKakabaev"]
[Black "bakki78"]
[Result "0-1"]
[WhiteElo "2434"]
[BlackElo "2741"]
[TimeControl "180+1"]
[EndTime "10:31:12 PDT"]
[Termination "bakki78 won by resignation"]

1. e4 c5 2. Nf3 Nc6 3. Bb5 Nf6 4. Bxc6 dxc6 5. e5 Nd5 6. h3 Bf5 7. d3 e6 8. O-O Be7 9. Nc3 Qc7 10. Qe2 h6 11. Ne4 O-O-O 12. c4 Nb6 13. Bf4 Kb8 14. a4 g5 15. Bg3 g4 16. hxg4 Bxg4 17. Qe3 h5 18. Nd6 h4 19. Bf4 Rdf8 20. Nh2 Bh5 21. a5 Nd7 22. b4 cxb4 23. c5 Rhg8 24. Rfb1 Bxd6 25. exd6 Qc8 26. Rxb4 e5 27. Bh6 Re8 28. Rab1 a6 29. Rxh4 Bg6 30. Rhb4 Re6 31. Qd2 Ka8 32. Be3 f5 33. f4 exf4 34. Rxf4 Bh7 35. Nf1 Reg6 36.
Rfb4 f4 37. Rxf4 Rxg2+ 38. Qxg2 Rxg2+ 39. Kxg2 Bxd3 40. Rb2 Bxf1+ 41. Kxf1 Qg8 42. Rfb4 b5 43. axb6 Kb7 44. Ra4 Qd5 45. Rba2 Qf3+ 46. Bf2 Qd1+ 47. Kg2 Qd5+ 48. Kg3 Qg5+ 49. Kf3 Qd5+ 50. Ke2 Qe6+ 51. Kf1 Qd5 52. Rxa6 Qd1+ 53. Kg2 Qg4+ 54. Kf1 Qd1+ 55. Kg2 Qg4+ 56. Kh2 Qh5+ 57. Kg3 Qg5+ 58. Kf3 Qf5+ 59. Ke2 Qe4+ 60. Be3 Qc4+ 61. Kf3 Qd5+ 62. Kf4 Qc4+ 63.
Kf3 Ne5+ 64. Kf2 Qf7+ 65. Ke1 Nd3+ 66. Kd2 Qd5 67. Ra7+ Kc8 68. Rc7+ Kb8 69. d7 Nxc5+ 70. Ke1 Nxd7 71. Rxd7 Qxd7 72. Bf4+ Kb7 73. Ra8 Kxa8 0-1

[Event "*** Titled Tuesday Blitz"]
[Site "Chess.com"]
[Date "2020.04.28"]
[Round "3"]
[White "kingnb"]
[Black "Arjun2002"]
[Result "1-0"]
[WhiteElo "2465"]
[BlackElo "2672"]
[TimeControl "180+1"]
[EndTime "10:31:21 PDT"]
[Termination "kingnb won by resignation"]

1. d4 d5 2. Nf3 Nf6 3. e3 c5 4. b3 Nc6 5. Bb2 cxd4 6. exd4 Bg4 7. Nbd2 e6 8. Be2 Be7 9. O-O O-O 10. Ne5 Bxe2 11. Qxe2 Rc8 12. f4 Nd7 13. c4 Ndxe5 14. dxe5 Qb6+ 15. Kh1 Rfd8 16. f5 exf5 17. Rxf5 Nd4 18.
Bxd4 Qxd4 19. Raf1 Rf8 20. e6 dxc4 21. exf7+ Kh8 22. Nxc4 Bf6 23. Qe6 Rc7 24. Rd5 Qh4 25. Nd6 Re7 26. Qf5 Re1 27. g3 Rxf1+ 28. Qxf1 Qg4 29.
Kg2 Qe6 30. Qf3 Be7 31. Nf5 Bf6 32. Nd6 Be7 33. Nf5 Qxf7 34. Rd7 Qxf5 35. Qxf5 Rxf5 36.
Rxe7 h6 37. Rxb7 a5 38. a4 Rc5 39. Rb5 Rc3 40. h4 Kg8 41. Rb7 Kh7 42. h5 Kg8 43.
Kh3 Kf8 44. Kg4 Kg8 45. Kf4 Kh7 46. Rb5 Kg8 47. Rb7 Kh7 48. g4 Kg8 49. Rb5 Kf7 50. g5 hxg5+ 51. Kxg5 Rg3+ 52. Kf5 Rh3 53. Ke4 Kg8 54.
Kd4 Kh7 55. Kc4 Rh4+ 56. Kc3 Rh3+ 57. Kb2 Rh2+ 58. Ka3 Rh1 59. Rxa5 Kh6 60. Rb5 Ra1+ 61. Kb4 g5 62. hxg6 Kxg6 63. a5 Kf7 64. Rd5 Ke6 65.
Rd2 Rc1 66. Kb5 Rf1 67. b4 Rf3 68. a6 Rf7 69. Kb6 Rf4 70. b5 Ra4 71. a7 Ra5 72.
Kxa5 1-0

[Event "*** Titled Tuesday Blitz"]
[Site "Chess.com"]
[Date "2020.04.28"]
[Round "3"]
[White "starworld123"]
[Black "vladislavkovalev"]
[Result "1/2-1/2"]
[WhiteElo "2640"]
[BlackElo "2856"]
[TimeControl "180+1"]
[EndTime "10:31:29 PDT"]
[Termination "Game drawn by repetition"]

1. d4 Nf6 2. c4 g6 3. Nc3 Bg7 4. e4 d6 5. Be2 O-O 6. Be3 Na6 7.
Nf3 e5 8. O-O Ng4 9. Bg5 Qe8 10.
Re1 exd4 11. Nd5 c6 12. Ne7+ Kh8 13. Nxc8 Rxc8 14. Nxd4 Nf6 15. f3 Qe5 16. Be3 d5 17. cxd5 Nxd5 18. Bf2 Nf4 19. Bxa6 bxa6 20. Qc2 Rfd8 21. Rad1 Qg5 22. Be3 c5 23. Bxf4 Qxf4 24. Ne2 Qe3+ 25. Kh1 c4 26. Nc3 Rxd1 27. Rxd1 Rb8 28.
Nd5 Qc5 29. b4 Qc6 30. Rc1 c3 31. Qb3 a5 32. a3 axb4 33. axb4 a5 34. Nxc3 Rc8 35. bxa5 Bxc3 36. Qxf7 Qa6 37. h3 Qxa5 38. Qe6 Rf8 39. Qc4 Bg7 40. Qc5 Qxc5 41. Rxc5 h5 42.
h4 Rf4 43. Kh2 Rxh4+ 44. Kg3 Rh1 45. Rc6 Kh7 46. f4 Re1 47. e5 Bf8 48. Kf3 Ra1 49. Rc7+ Kh6 50. Rc6 Ra3+ 51. Ke4 Ra4+ 52. Kf3 Bg7 53.
g3 Ra3+ 54. Kg2 h4 55. gxh4 Kh5 56. Rc7 Bh6 57. Rc6 Bxf4 58. e6 Re3 59. Rc4 Kg4 60. Rc6 Re2+ 61. Kf1 Re5 62. e7 Kh5 63. Rc4 Rxe7 64. Rxf4 Re5 65. Kg2 Rd5 66. Kg3 Rb5 67. Kg2 Rb3 68. Rd4 Rc3 69. Kh2 Rc5 70. Kg2 Re5 71. Kh2 Rf5 72. Kg2 Re5 73. Kh2 Kh6 74. Kg3 Kg7 75. Kg4 Re1 76. Rd7+ Kh6 77. Rd3 Rg1+ 78.
Rg3 Ra1 79. Re3 Ra4+ 80. Kg3 Kg7 81. Re5 Kf6 82. Rc5 Ra3+ 83. Kg4 Ra4+ 84. Kg3 Ra3+ 85. Kg4 Ra4+ 86. Kg3 1/2-1/2

[Event "*** Titled Tuesday Blitz"]
[Site "Chess.com"]
[Date "2020.04.28"]
[Round "3"]
[White "ChessicallyInclined"]
[Black "EfM13"]
[Result "1/2-1/2"]
[WhiteElo "2544"]
[BlackElo "2259"]
[TimeControl "180+1"]
[EndTime "10:31:33 PDT"]
[Termination "Game drawn - insufficient material"]

1. d4 d6 2. e4 g6 3. Nc3 Bg7 4. f4 c6 5. Nf3 Nf6 6. a3 O-O 7.
Bd3 Nbd7 8. e5 Ne8 9. O-O Nc7 10.
exd6 exd6 11. f5 c5 12. Bf4 cxd4 13. Ne4 Ne5 14. Nxe5 dxe5 15. Bg5 Qd5 16. Qd2 f6 17. fxg6 fxg5 18. gxh7+ Kh8 19. Rxf8+ Bxf8 20. Qxg5 Be6 21. Rf1 Bg7 22. h4 Qd8 23. Qh5 Qe8 24. Qf3 Bd5 25.
Qg4 Qe6 26. Qg3 Ne8 27. Ng5 Qe7 28. Be4 Bxe4 29. Nxe4 Nd6 30. Ng5 Rf8 31. Rxf8+ Qxf8 32. Qg4 Qf5 33. Qh5 e4 34. g4 Qf4 35. Ne6 Qg3+ 36. Kh1 e3 37. Qg5 Qh3+ 38. Kg1 Qg3+ 39. Kh1 Qf3+ 40. Kg1 Qf7 41. Qd8+ Ne8 42. Nxg7 Kxg7 43. Qxd4+ Kxh7 44. Qxe3 Nf6 45. Qd3+ Qg6 46. Qxg6+ Kxg6 47. g5 Ne4 48. Kg2 Nd2 49. Kg3 Nc4 50. b3 Nxa3 51. c4 Nc2 52. Kg4 Nd4 53. h5+ Kg7 54. b4 Ne6 55. Kf5 Nd4+ 56. Ke4 Nc6 57. b5 Nb4 58. Ke5 a5 59. bxa6 bxa6 60. Kf5 a5 61. g6 Nc6 62. h6+ Kxh6 63. Kf6 Ne7 64. Kxe7 Kxg6 65. c5 a4 66. c6 a3 67. c7 a2 68. c8=Q a1=Q 69. Qg4+ Kh6 70.
Qh4+ Kg7 71. Qg5+ Kh7 72. Kf7 Qf1+ 73. Ke8 Qe2+ 74. Kf8 Qf1+ 75. Ke7 Qe2+ 76. Kd6 Qd3+ 77. Ke5 Qe2+ 78. Kd4 Qd1+ 79. Kc3 Qe1+ 80. Kc2 Qe2+ 81. Kc1 Qe1+ 82. Kb2 Qe2+ 83. Ka3 Qd3+ 84. Ka4 Qd4+ 85. Ka5 Qc3+ 86. Kb6 Qb3+ 87. Ka7 Qa3+ 88. Kb8 Qb3+ 89. Ka8 Qa3+ 90. Kb7 Qb3+ 91. Kc8 Qc3+ 92. Kd7 Qd3+ 93.
Ke6 Qe4+ 94. Kf6 Qf3+ 95. Ke5 Qe2+ 96. Kd5 Qd3+ 97. Kc5 Qc3+ 98. Kd6 Qd3+ 99. Qd5 Qxd5+ 100. Kxd5 1/2-1/2

[Event "*** Titled Tuesday Blitz"]
[Site "Chess.com"]
[Date "2020.04.28"]
[Round "3"]
[White "KarstenHansch"]
[Black "Teidi96"]
[Result "1-0"]
[WhiteElo "2455"]
[BlackElo "2243"]
[TimeControl "180+1"]
[EndTime "10:31:35 PDT"]
[Termination "KarstenHansch won by resignation"]

1. e4 e5 2. Nf3 Nc6 3. Bb5 a6 4. Ba4 Nf6 5. O-O Be7 6. Re1 b5 7. Bb3 O-O 8. a4 Bb7 9. d3 d6 10. Nbd2 h6 11. Nf1 Na5 12. Ba2 c5 13. c3 Nc6 14. Bd2 Re8 15. Ne3 Bf8 16. axb5 axb5 17. b4 cxb4 18. cxb4 Qb6 19. Nf5 Ne7 20. Be3 Qd8 21.
Qb3 d5 22. Nxe7+ Qxe7 23. Bc5 Qd7 24. Rac1 d4 25. Bxf8 Kxf8 26. Rc5 Rac8 27. Rec1 Ng8 28. Nxe5 Rxe5 29. Rxc8+ Bxc8 30. Rxc8+ Re8 31. Rc5 Nf6 32. f3 Kg8 33. e5 Nh5 34. Rd5 Qc7 35. Rxb5 Re7 36.
Rc5 Qd7 37. Qd5 Qa7 38. Rc8+ Kh7 39. Qe4+ g6 40. Bb1 Kg7 41. Rc1 Qa3 42. Re1 Qxb4 43. g4 Qc3 44. gxh5 gxh5 45. Kf2 Re6 46. Rg1+ Rg6 47. Rxg6+ fxg6 48. e6 Kf6 49. e7 Qb2+ 50. Qe2 Qxe2+ 51. Kxe2 Kxe7 52. Bc2 Kf6 53. Bb3 Ke5 54.
Bc4 g5 55. Kf2 h4 56. Kg2 h5 57. Kf2 g4 58. Kg2 Kf4 59. fxg4 hxg4 60. h3 g3 61. Bd5 Ke3 62. Be4 Kf4 63. Kf1 Ke3 64. Kg2 Ke2 65. Bh7 Ke3 66. Bg6 Ke2 67.
Be4 Ke3 68. Bf5 Ke2 69. Bg4+ Ke3 70. Bh5 Kf4 71. Kf1 Ke3 72. Be2 Kf4 73. Bh5 Ke3 74.
Bg6 Kf4 75. Ke2 Kg5 76. Be4 Kf4 77. Bh7 Kg5 78. Kf3 Kf6 79. Be4 Kg5 80. Bd5 Kf6 81. Kg4 Ke5 82. Be4 Kf6 83. Kxh4 g2 84. Bxg2 Ke5 85. Be4 Kf4 86. Kh5 Ke5 87. h4 Kf6 88.
Kg4 Kg7 89. Kf4 Kh6 90. Ke5 1-0

[Event "*** Titled Tuesday Blitz"]
[Site "Chess.com"]
[Date "2020.04.28"]
[Round "3"]
[White "SummertimeFun"]
[Black "MilanovicDan"]
[Result "1/2-1/2"]
[WhiteElo "1836"]
[BlackElo "2460"]
[TimeControl "180+1"]
[EndTime "10:31:36 PDT"]
[Termination "Game drawn - insufficient material"]

1. d4 Nf6 2. Nf3 c5 3. d5 b5 4. g3 g6 5. Bg2 d6 6. O-O Bg7 7. c4 bxc4 8. Qa4+ Nbd7 9. Qxc4 Nb6 10. Qb3 Nfxd5 11. Rd1 c4 12. Qb5+ Bd7 13. Qa5 Nf6 14.
Nc3 O-O 15. Nd4 Rc8 16. Qxa7 Rc5 17. Nc2 Qb8 18. Qa3 Rc7 19. Be3 Ng4 20. Bd4 Bxd4 21. Rxd4 Ne5 22. Rd2 Rfc8 23. Nb4 Ra7 24. Na6 Be6 25.
Nxb8 Rxa3 26. bxa3 Rxb8 27. Rb1 Ned7 28. Bc6 Rc8 29.
Bg2 Rc5 30. a4 Ra5 31. Bc6 Kg7 32. Rb5 Ra7 33. a5 Nc8 34. a4 Nc5 35. Rdb2 Rc7 36.
Bd5 Na7 37. Rb8 Bd7 38. Nb5 Bxb5 39. axb5 Nxb5 40. R8xb5 c3 41. Rc2 Nd7 42. a6 Ra7 43. Ra5 Nb8 44. Rxc3 Rxa6 45. Rxa6 Nxa6 46. Bb7 Nc5 47. Bf3 Kf6 48. Kg2 Ke5 49. e4 Ne6 50. Ra3 Kf6 51. Ra7 Nc5 52. Rc7 h5 53. Ra7 Ne6 54. h3 Ng5 55. Ra3 Ne6 56. g4 hxg4 57. hxg4 Nf4+ 58. Kg3 g5 59. Ra5 e6 60. Ra7 Ng6 61.
Ra8 Ne5 62. Ra7 Nc4 63. Bg2 Nd2 64. Ra8 Nc4 65. Kf3 Ne5+ 66. Ke3 Ng6 67. f3 Nf4 68. Bf1 Ke5 69. Ra5+ d5 70. Ra7 d4+ 71. Kd2 f6 72.
Ra5+ Kd6 73. Ra6+ Ke7 74. Bc4 Kd7 75. Ra7+ Kd6 76. Rf7 Ke5 77. Rd7 Ng6 78. Rc7 Nh4 79. Rc6 Nxf3+ 80. Ke2 Nh2 81. Rxe6+ Kf4 82. Rxf6+ Kxe4 83.
Be6 Ke5 84. Rg6 Kf4 85. Bf5 Nf3 86. Kd3 Ne5+ 87. Kxd4 Nxg6 88. Bxg6 Kxg4 89. Ke4 Kg3 90. Bh5 g4 91. Bxg4 1/2-1/2

[Event "*** Titled Tuesday Blitz"]
[Site "Chess.com"]
[Date "2020.04.28"]
[Round "3"]
[White "obliviate12"]
[Black "Meri-Arabidze"]
[Result "0-1"]
[WhiteElo "2802"]
[BlackElo "2629"]
[TimeControl "180+1"]
[EndTime "10:31:41 PDT"]
[Termination "Meri-Arabidze won by resignation"]

1. e4 c5 2. Nf3 e6 3. d4 cxd4 4. Nxd4 Nc6 5. Nc3 a6 6. g3 d6 7.
Bg2 Bd7 8. O-O Nf6 9. Nde2 Be7 10. a4 O-O 11. h3 Rc8 12. b3 Nb4 13. Ba3 d5 14. exd5 Nbxd5 15. Nxd5 Nxd5 16. Bxe7 Qxe7 17. c4 Nb4 18. Bxb7 Rcd8 19. Bg2 Bxa4 20. Qb1 Bd7 21. Nd4 e5 22. Nf5 Qc5 23. Ne3 Bc6 24.
Rd1 Bxg2 25. Kxg2 Qc6+ 26. Kg1 Qf3 27. Qf5 e4 28. Qxf3 exf3 29. g4 h6 30. Kh2 Rd3 31. Rxd3 Nxd3 32. Kg3 Rb8 33. Rxa6 Rxb3 34. Kxf3 Rb2 35.
Ke4 Nxf2+ 36. Kd5 Nxh3 37. c5 Nf4+ 38. Kc4 Ne6 39. c6 Re2 40. Ra8+ Kh7 41. Kd3 Re1 42. Ra7 Kg6 43. Kd2 Rg1 44. Ra6 f6 45. Ra7 h5 46.
gxh5+ Kxh5 47. c7 Nxc7 48. Rxc7 g5 49. Ke2 Kg6 50. Kf3 Ra1 51. Rc6 Ra3 52. Rb6 Rc3 53. Ke4 Ra3 54. Nd5 Ra4+ 55. Ke3 Ra3+ 56. Kd4 Rf3 57. Ke4 Rf1 58. Ne7+ Kh5 59. Nd5 Kg6 60. Ne3 Rf4+ 61. Kd3 Rf3 62. Ke2 Rf4 63. Rc6 g4 64.
Rc5 f5 65. Rc8 Kg5 66. Rg8+ Kh6 67. Kd3 Rf3 68. Ke2 Kh5 69. Rf8 Kg5 70. Nd5 Kh4 71.
Ne3 Kg5 72. Rg8+ Kh4 73. Ng2+ Kg3 74. Ne3 Rf2+ 75. Kd3 Rf3 76. Rf8 f4 77. Rxf4 Kxf4 0-1

[Event "*** Titled Tuesday Blitz"]
[Site "Chess.com"]
[Date "2020.04.28"]
[Round "3"]
[White "KhamzinOlzhas"]
[Black "dpopadic"]
[Result "1/2-1/2"]
[WhiteElo "2513"]
[BlackElo "2327"]
[TimeControl "180+1"]
[EndTime "10:32:08 PDT"]
[Termination "Game drawn - insufficient material"]

1. e4 c5 2. Nc3 Nc6 3. g3 g6 4.
Bg2 Bg7 5. d3 d6 6. Be3 Rb8 7.
Nge2 b5 8. Qd2 Nd4 9. O-O Bd7 10. Nc1 e6 11. Nd1 b4 12. c3 bxc3 13. bxc3 Nc6 14. d4 cxd4 15. cxd4 Nge7 16. Ne2 O-O 17. f4 d5 18. e5 Nf5 19. Bf2 h5 20. h3 Qb6 21.
g4 hxg4 22. hxg4 Nh6 23. Ne3 Qb4 24. Rfd1 Qxd2 25. Rxd2 Na5 26. Rc2 Rfc8 27. Rac1 Rxc2 28. Rxc2 Rc8 29. Rxc8+ Bxc8 30. Bf3 Ba6 31. Nc3 Nc6 32. Nc2 Bf8 33. Be3 Bd3 34. Ne1 Bc4 35. Nc2 Nb4 36. Na3 Nxa2 37. Nxc4 Nxc3 38. Na5 Kh7 39. Nc6 a6 40. Kf2 Nb5 41. Bd2 Ng8 42. Ke3 Ne7 43.
Nb8 Na3 44. Be2 Nc8 45. Bxa6 Nb6 46. Kd3 Nac4 47. Be1 Be7 48. Bc3 Ba3 49. Kc2 Bf8 50.
Nc6 Bh6 51. g5 Bf8 52. Nd8 Kg8 53. Nc6 Ne3+ 54. Kd3 Nf5 55. Bd2 Nd7 56. Nd8 Nb6 57. Nc6 Na4 58. Bb5 Nb6 59. Na7 Ng3 60. Nc6 Ne4 61. Be3 Nc8 62. Na5 Nb6 63. Nb3 Na8 64.
Nc5 Nc7 65. Nxe4 dxe4+ 66. Kc4 Nxb5 67. Kxb5 Ba3 68. Kc4 Bb2 69. d5 exd5+ 70. Kxd5 Kf8 71. e6 fxe6+ 72. Kxe6 Kg7 73. Kd5 Kf7 74. Kxe4 Bc3 75.
Bd4 Bd2 76. Ke5 Bc1 77. Bc3 Be3 78. Bb2 Bd2 79. Ba1 Be3 80. Bc3 Bc1 81. Ke4 Ba3 82. f5 gxf5+ 83. Kxf5 Be7 84. g6+ Kg8 85. Be5 Bb4 86. Ke6 Ba3 87. Kf5 Bb4 88. Kg4 Ba3 89.
Bf6 Bb4 90. Kf5 Ba3 91. Bc3 Bc5 92. Bb2 Bb4 93. Ke6 Bc5 94. Kd5 Bb4 95. Bd4 Ba3 96. Bc3 Bf8 97. Ke6 Ba3 98. Bd4 Bc1 99. g7 Bh6 100. Bf6 Bxg7 1/2-1/2

[Event "*** Titled Tuesday Blitz"]
[Site "Chess.com"]
[Date "2020.04.28"]
[Round "3"]
[White "saikrishnaReturns"]
[Black "okriak"]
[Result "1-0"]
[WhiteElo "2645"]
[BlackElo "2833"]
[TimeControl "180+1"]
[EndTime "10:32:15 PDT"]
[Termination "saikrishnaReturns won by checkmate"]

1. e4 e5 2. Nf3 Nc6 3. Bb5 a6 4. Ba4 Nf6 5. O-O Be7 6. Re1 b5 7. Bb3 d6 8. c3 O-O 9. h3 Nb8 10.
d4 Nbd7 11. Nbd2 Bb7 12. Bc2 Re8 13. Nf1 Bf8 14. Ng3 g6 15. a4 c5 16. d5 c4 17. Nh2 Bg7 18. Ng4 Nxg4 19. hxg4 Bf6 20. f4 exf4 21. Bxf4 Ne5 22. Rf1 Bg5 23. Qd2 Bxf4 24.
Qxf4 Qh4 25. g5 Qxf4 26. Rxf4 Kg7 27. Rf6 Red8 28. Ne2 h6 29. Nd4 hxg5 30. Rff1 bxa4 31.
Rxa4 Rdb8 32. Rfa1 Bc8 33. R1a2 Rb6 34. Rb4 Rxb4 35.
cxb4 Rb8 36. Ra4 Rb6 37. Kf2 Bd7 38. Ra5 Kf6 39. Ke3 Ke7 40. Kd2 Rxb4 41. Rxa6 Rxb2 42. Ra7 Kd8 43. Kc3 Rb6 44. Nf3 f6 45. Nxe5 fxe5 46.
Kxc4 g4 47. g3 g5 48. Ra8+ Ke7 49. Rg8 Kf6 50. Rd8 Bb5+ 51. Kc3 Be2 52. Ba4 Bf3 53. Bc6 Bxe4 54. Rxd6+ Kf7 55. Be8+ Kxe8 56. Rxb6 Bxd5 57. Rb5 Bf3 58. Rxe5+ Kf7 59. Rxg5 Kf6 60. Rc5 Bd1 61. Kd4 Bf3 62. Ke3 Bd1 63. Kf4 Be2 64. Rc6+ Kf7 65. Kf5 Kg7 66. Rc7+ Kh6 67. Kf6 Bf3 68. Ra7 Bd1 69.
Ra1 Bf3 70. Ra2 Kh7 71. Rh2+ Kg8 72. Rh6 Be2 73. Rg6+ Kf8 74. Kg5 Kf7 75. Rf6+ Kg7 76. Re6 Bd1 77. Re7+ Kf8 78. Kf6 Kg8 79. Kg6 Bc2+ 80.
Kh6 Kf8 81. Rg7 Bd1 82. Kg6 Bf3 83. Kf6 Ke8 84. Kf5 Kf8 85. Rxg4 Bd1 86. Rg5 Kf7 87. Kf4 Bc2 88. Ra5 Kg6 89. g4 Bd3 90. Rd5 Bc2 91. Rd6+ Kf7 92. Kg5 Bb1 93. Kh6 Bc2 94. g5 Be4 95. g6+ Ke7 96. Rb6 Bd5 97. g7 Kd7 98.
Rb8 Kc7 99. g8=Q Bxg8 100. Rxg8 Kd6 101. Kg7 Ke5 102. Rf8 Ke6 103. Rf6+ Ke5 104. Kg6 Kd5 105. Kf5 Kd4 106. Re6 Kd5 107. Re5+ Kd6 108. Ke4 Kc6 109. Rd5 Kc7 110. Ke5 Kc6 111. Ke6 Kb6 112. Kd6 Kb7 113. Rc5 Kb6 114. Kd5 Kb7 115. Rc6 Ka7 116. Kc5 Kb7 117. Kb5 Ka8 118. Kb6 Kb8 119. Rc5 Ka8 120. Rc8# 1-0

[Event "*** Titled Tuesday Blitz"]
[Site "Chess.com"]
[Date "2020.04.28"]
[Round "3"]
[White "levallem"]
[Black "maziarbagheri"]
[Result "1/2-1/2"]
[WhiteElo "2215"]
[BlackElo "2412"]
[TimeControl "180+1"]
[EndTime "10:32:33 PDT"]
[Termination "Game drawn by 50-move rule"]

1. d4 Nf6 2. c4 g6 3. Nc3 d5 4. cxd5 Nxd5 5. e4 Nxc3 6. bxc3 c5 7. Be3 Bg7 8. Bb5+ Nd7 9. Ne2 O-O 10. O-O a6 11. Bxd7 Bxd7 12. dxc5 Bc6 13. f3 e5 14.
Qxd8 Rfxd8 15. Rfd1 Bf8 16. Kf2 Ba4 17. Rxd8 Rxd8 18.
Rb1 Rd7 19. Rb4 Bd1 20. Ke1 Bc2 21. Nc1 Rc7 22. Kd2 a5 23. Rb5 Ba4 24. Rxa5 Bc6 25. Nd3 f6 26. Ra8 Kf7 27. Ra7 Rd7 28. Kc2 Ke6 29.
Nb4 Bb5 30. a4 Bc4 31. a5 f5 32. exf5+ gxf5 33. f4 e4 34. Bd4 h5 35. a6 bxa6 36. Ra8 h4 37. Rxf8 a5 38. c6 Rc7 39.
Rf6+ Ke7 40. Rh6 axb4 41. Rh7+ Bf7 42. Bc5+ Ke6 43. cxb4 Rxc6 44. Rh6+ Kd5 45. Rxh4 e3 46. Rh7 Bg6 47. Re7 Ra6 48. Rxe3 Ra2+ 49. Kb3 Rxg2 50. Re5+ Kc6 51. Re6+ Kd5 52. Rd6+ Ke4 53. Rd4+ Kf3 54. b5 Bf7+ 55. Kb4 Rxh2 56. Ka5 Ra2+ 57. Kb6 Rb2 58. Kc6 Be8+ 59. Kd6 Bxb5 60. Ke5 Kg4 61. Rd1 Re2+ 62. Kf6 Bc6 63. Bd6 Be4 64. Be5 Ra2 65. Rg1+ Kf3 66. Rc1 Ra6+ 67. Ke7 Kg4 68. Rc7 Rh6 69. Rc3 Rh7+ 70. Kf6 Rh6+ 71. Kg7 Ra6 72. Rc7 Kh5 73. Rc3 Ra7+ 74. Kf6 Ra6+ 75. Kg7 Kg4 76. Rc7 Bd5 77. Rc3 Bc6 78. Rc5 Bd7 79. Rc7 Be6 80. Rc1 Kf3 81. Rf1+ Ke2 82. Rc1 Bd5 83. Rc7 Kd3 84. Rc1 Ra2 85.
Rc7 Ke4 86. Kf6 Ra6+ 87. Kg7 Be6 88. Rc1 Kd5 89. Rd1+ Kc5 90. Rc1+ Bc4 91. Re1 Kd5 92. Rd1+ Ke6 93. Re1 Bd3 94. Kg6 Be4 95. Kg5 Ra8 96. Rc1 Rg8+ 97. Kh6 Kf7 98. Rc7+ Ke6 99. Rg7 Ra8 100.
Kg6 Bc6 101. Rc7 Be8+ 102. Kg5 Ra2 103. Rc3 Rg2+ 104. Kh6 Bd7 105. Rc5 Kf7 106. Rc3 Rg6+ 107. Kh5 Rg8 108. Kh4 Ke6 109. Rc7 Rf8 1/2-1/2